 Dungeon Crawl Stone Soup version 0.31-a0-466-g98c9adc2b6 (webtiles) character file.

Game seed: 15517982987063836704

287 GloriousHammer the Vexing (level 6, 0/47 HPs)
             Began as a Draconian Hexslinger on Aug 5, 2023.
             Was an Initiate of Gozag.
             Killed from afar by a white imp (3 damage)
             ... with a puff of frost
             ... on level 4 of the Dungeon.
             The game lasted 00:05:47 (3009 turns).

GloriousHammer the Vexing (Draconian Hexslinger)    Turns: 3009, Time: 00:05:48

Health: 0/47       AC:  6    Str: 10    XL:     6   Next: 8%
Magic:  10/10      EV: 12    Int: 13    God:    Gozag
Gold:   164        SH:  0    Dex: 16    Spells: 0/11 levels left

rFire   . . .        a - +1 sling
rCold   . . .        (no shield)
rNeg    . . .        (body armour unavailable)
rPois   .            (helmet restricted)
rElec   .            (no cloak)
rCorr   .            (no gloves)
SInv    .            (no boots)
Will    .....        (no amulet)
Stlth   +            (no ring)
HPRegen 0.27/turn    (no ring)
MPRegen 0.12/turn

%: no passive effects
@: no status effects
A: AC +6, unfitting armour, cold-blooded
a: Renounce Religion, Potion Petition, Call Merchant, Bribe Branch


You were on level 4 of the Dungeon.
You worshipped Gozag.
Gozag was aware of your devotion.
You visited 1 branch of the dungeon, and saw 4 of its levels.

You collected 215 gold pieces.
You paid 51 gold pieces to Gozag.

Inventory:

Hand Weapons
 a - a +1 sling (weapon)
 f - a +3 long sword of holy wrath
Jewellery
 o - an amulet of guardian spirit
Wands
 k - a wand of light (10)
 r - a wand of flame (22)
Scrolls
 b - 3 scrolls of poison
 c - a scroll of enchant armour {unknown}
 d - a scroll of fear {unknown}
 i - a scroll of teleportation {unknown}
 l - 2 scrolls of fog {unknown}
 m - 2 scrolls of revelation {unknown}
 n - a scroll of amnesia {unknown}
 p - a scroll of identify {unknown}
 q - a scroll of enchant weapon {unknown}
Potions
 e - a potion of resistance {unknown}
 g - a potion of curing {unknown}
 h - a potion of mutation {unknown}
 j - a potion of degeneration {unknown}


   Skills:
 - Level 1.1 Fighting
 * Level 3.6 Ranged Weapons
 - Level 1.7 Dodging
 + Level 3.2 Spellcasting
 + Level 4.1 Hexes
 + Level 0.0 Fire Magic


You couldn't memorise any spells.
You knew the following spells:

 Your Spells              Type           Power      Damage    Failure   Level
a - Slow                  Hex            48%        N/A       4%          1
b - Inner Flame           Hex/Fire       7%         N/A       28%         3
c - Cause Fear            Hex            6%         N/A       38%         4
d - Ozocubu's Armour      Ice            2%         N/A       56%         3

Your spell library contained the following spells:

 Spells                   Type           Power      Damage    Failure   Level
 Portal Projectile        Hex/Tloc       14%        N/A       28%         3
 Metabolic Englaciation   Hex/Ice        3%         N/A       95%         5
 Simulacrum               Ice/Necr       Unusable   N/A       N/A         6

Dungeon Overview and Level Annotations

Branches:
Dungeon (4/15)
 Temple: D:4-7

Altars:
Gozag
Hepliaklqana
Sif Muna
Xom

Annotations:
D:3 exclusion: downstairs
D:4 Edmund


Innate Abilities, Weirdness & Mutations

Your plain brown scales are hard. (AC +6)
You cannot fit into any form of body armour.
You are cold-blooded and may be slowed by cold attacks.


Message History

Found a ring mail.
A worm comes into view.
You shoot a sling bullet. The sling bullet hits the worm!
The worm is heavily wounded.
You shoot a sling bullet. The sling bullet hits the worm.
The worm is severely wounded.
You shoot a sling bullet. The sling bullet hits the worm.
The worm is almost dead.
You shoot a sling bullet.
The sling bullet hits the worm but does no damage.
The worm is almost dead.
You shoot a sling bullet.
The sling bullet hits the worm but does no damage.
The worm is almost dead.
You shoot a sling bullet. The sling bullet hits the worm!
You kill the worm!
No target in view!
This spell is quite dangerous to cast!
Memorise Inner Flame, consuming 3 spell levels and leaving 7?
You start memorising the spell.
You continue memorising. x3
You finish memorising.
Spell assigned to 'b'.
This spell is quite dangerous to cast!
Memorise Cause Fear, consuming 4 spell levels and leaving 3?
You start memorising the spell.
You continue memorising. x4
You finish memorising.
Spell assigned to 'c'.
Casting: Slow (safe; 4% risk of failure)
Confirm with . or Enter, or press ? or * to list all spells.
Okay, then.
This spell is quite dangerous to cast!
Memorise Ozocubu's Armour, consuming 3 spell levels and leaving 0?
You start memorising the spell.
You continue memorising. x3
You finish memorising.
Spell assigned to 'd'.
You now have 164 gold pieces (gained 6).
A white imp comes into view.
You shoot a sling bullet.
The white imp shouts, "Go and return not, thou mammering fen-sucked mish-mash!"
The sling bullet hits the white imp.
The white imp is heavily wounded.
You shoot a sling bullet.
The sling bullet closely misses the white imp.
The white imp gestures at you. The puff of frost misses you.
You shoot a sling bullet.
The sling bullet closely misses the white imp.
The white imp gestures at you. The puff of frost hits you.
You shoot a sling bullet. The sling bullet hits the white imp.
The white imp is severely wounded.
You shoot a sling bullet.
The sling bullet hits the white imp but does no damage.
The white imp is severely wounded.
You shoot a sling bullet.
The sling bullet completely misses the white imp.
The white imp closely misses you.
You shoot a sling bullet.
The sling bullet closely misses the white imp.
The white imp hits you but does no damage. x2
You shoot a sling bullet.
The sling bullet hits the white imp but does no damage.
The white imp is severely wounded.
The white imp gestures at you. The puff of frost hits you.
You shoot a sling bullet.
The sling bullet hits the white imp but does no damage.
The white imp is severely wounded.
The white imp gestures at you. The puff of frost hits you.
You shoot a sling bullet.
The sling bullet closely misses the white imp.
The white imp hits you but does no damage. x2
You shoot a sling bullet.
The sling bullet closely misses the white imp.
The white imp hits you. The white imp freezes you.
You shoot a sling bullet. The sling bullet hits the white imp.
The white imp is almost dead.
The white imp gestures at you. The puff of frost hits you!
You shoot a sling bullet.
The sling bullet barely misses the white imp.
The white imp gestures at you. The puff of frost hits you!
You shoot a sling bullet.
The sling bullet hits the white imp but does no damage.
The white imp is almost dead.
The white imp gestures at you. The puff of frost hits you!
* * * LOW HITPOINT WARNING * * *
The white imp completely misses you.
You shoot a sling bullet.
The sling bullet closely misses the white imp.
The white imp hits you.
* * * LOW HITPOINT WARNING * * *
The white imp freezes you.
* * * LOW HITPOINT WARNING * * *
You shoot a sling bullet.
The sling bullet barely misses the white imp.
The white imp gestures at you. The puff of frost hits you.
You die...
Your body crumbles into a pile of gold.

... ... #.# ##
#.# ..###.#
.##...#### ....#
.........# #..#
........# ##>.##
#...... ###@...#
#...... #.5.##.#
#.....###.####.#
###.#.......#
#.#
##........<.####
#.#
.@.###.#..#..#
#.# .### ##.##.#
#.# ..# #..#.#
#.# ...# #....#
####.#


You could see a white imp.

Vanquished Creatures
  A phantom (D:3)
  2 orc priests (D:3)
  An orc wizard (D:3)
  7 adders
  2 worms
  A dart slug (D:1)
  2 orcs (D:3)
  4 bats
  5 endoplasms
  A giant cockroach (D:1)
  8 goblins
  A hobgoblin (D:3)
  A jackal (D:1)
  9 kobolds
  4 quokkas
  3 ball pythons
  2 frilled lizards
  7 rats
61 creatures vanquished.

Notes
Turn   | Place    | Note
-------+----------+-------------------------------------------
     0 | D:1      | GloriousHammer the Draconian Hexslinger began the quest for
                  | the Orb.
     0 | D:1      | Reached XP level 1. HP: 16/16 MP: 2/2
    80 | D:1      | Reached XP level 2. HP: 23/23 MP: 4/4
   211 | D:1      | Reached skill level 3 in Hexes
   831 | D:2      | Reached XP level 3. HP: 10/28 MP: 5/5
  1332 | D:2      | Reached XP level 4. HP: 34/35 MP: 7/7
  2020 | D:3      | Reached XP level 5. HP: 20/40 MP: 7/9
  2191 | D:3      | Found a shimmering altar of Xom.
  2192 | D:3      | Found a hazy altar of Hepliaklqana.
  2193 | D:3      | Noticed a spectral ugly thing
  2206 | D:3      | Found an opulent altar of Gozag.
  2386 | D:3      | Found a shimmering blue altar of Sif Muna.
  2612 | D:3      | Became a worshipper of Gozag Ym Sagoz the Greedy
  2642 | D:4      | Noticed Edmund
  2704 | D:4      | Noticed a phantom
  2727 | D:3      | Killed a phantom
  2728 | D:3      | Reached skill level 4 in Hexes
  2728 | D:3      | Reached XP level 6. HP: 30/47 MP: 10/10
  2944 | D:4      | Learned a level 3 spell: Inner Flame
  2949 | D:4      | Learned a level 4 spell: Cause Fear
  2953 | D:4      | Learned a level 3 spell: Ozocubu's Armour
  3009 | D:4      | Killed from afar by a white imp

Illustrated notes

Levels and vault maps discovered:
D:1:      lemuel_arrival_room, layout_loops_ring, minmay_circled_x
D:2:      layout_rooms, grunt_decor_resistance, hangedman_decor_clover_reticule
D:3:      layout_loops_ring, regret_index_temple_of_mockery,
          mainiacjoe_overflow_alcove_4, grunt_gozag_statues,
          minmay_fractal_squares_diagonal_5
D:4:      layout_rooms, uniq_edmund

Skill      XL: |  1  2  3  4  5 |
---------------+----------------+-----
Ranged Weapons | 2 3 |  3.6
Hexes          | 3 4 |  4.1
Spellcasting   | 2 3 |  3.2
Fighting       | |  1.1
Dodging        | |  1.7

Action                     |  1- 3 |  4- 6 || total
---------------------------+-------+-------++-------
  Melee: Sling             |       |     5 ||     5
   Fire: Sling             |   107 |   156 ||   263
   Cast: Slow              |     3 |       ||     3
    Use: Potion            |       |     1 ||     1
 Armour: Skin              |    21 |    22 ||    43
  Dodge: Dodged            |    52 |    45 ||    97

Table legend: (Time is in decaauts)
 A = Elapsed time spent in this place.
 B = Non-inter-level travel time spent in this place.
 C = Inter-level travel time spent in this place.
 D = Time resting spent in this place.
 E = Time spent auto-exploring this place.
 F = Levels seen in this place.
 G = Mean time per level.
                   A        B        C        D        E       F      G
               +--------+--------+--------+--------+--------+-----+--------+
         Total |   3094 |   2853 |    241 |    501 |   1802 |   4 |  773.5 |
       Dungeon |   3094 |   2853 |    241 |    501 |   1802 |   4 |  773.5 |
               +--------+--------+--------+--------+--------+-----+--------+

Top non-repeatable levels by time:
     D:3: 1400 daAuts
     D:2: 870 daAuts
     D:1: 697 daAuts
     D:4: 126 daAuts
